 Dungeon Crawl Stone Soup version bcrawl-1.39.1 (webtiles) character file.

Game seed: 1224677012285404671

208427 KristoblXynda the Ruffian (level 6, -1/47 HPs)
             Began as a Draconian Transmuter on Oct 7, 2023.
             Slain by a bullfrog skeleton (8 damage)
             ... on level 4 of the Dungeon.
             The game lasted 00:03:32 (2830 turns).

KristoblXynda the Ruffian (Draconian Transmuter)    Turns: 2830, Time: 00:03:32

Health: -1/47      AC:  6    Str: 15    XL:     6   Next: 52%
Magic:  9/9        EV: 13    Int: 13    God:
Gold:   165        SH:  0    Dex: 11    Spells: 8/9 levels left

rFire    . . .     GDR:     23%   - Fists (10.1)
rCold    . . .     SeeInvis .   (no shield)
rNeg     . . .     Gourm    .   (armour unavailable)
rPois    .         Faith    .   (helmet restricted)
rElec    .         Spirit   .   (no cloak)
rCorr    .         Reflect  .   (no gloves)
MR       .....                  (no boots)
Stlth    +.........             (no amulet)
HPRegen  0.17/turn              (no ring)
MPRegen  0.11/turn              (no ring)

@: berserk cooldown, slowed, very slow
A: unfitting armour, cold-blooded, AC +6
a: no special abilities


You were on level 4 of the Dungeon.
You were not hungry.

You visited 1 branch of the dungeon, and saw 4 of its levels.

You collected 165 gold pieces.

Inventory:

Scrolls
 d - 2 scrolls of enchant weapon {unknown}
 g - a scroll of fog {unknown}
 h - a scroll of immolation {unknown}
 j - 3 scrolls of fear
 k - a scroll of noise {unknown}
 n - a scroll of teleportation {unknown}
Potions
 a - a potion of flight {unknown}
 b - a potion of curing
 c - 2 potions of lignification
 f - a potion of heal wounds
 l - a potion of invisibility {unknown}
 o - a potion of degeneration {unknown}
Comestibles
 e - 6 rations {!d}


   Skills:
 - Level 1.1 Fighting
 + Level 3.2 Dodging
 * Level 5.8 Unarmed Combat
 - Level 2.0 Spellcasting
 + Level 3.9 Transmutations


You had 8 spell levels left.
You knew the following spells:

 Your Spells              Type           Power        Failure   Level  Hunger
a - Beastly Appendage     Tmut           ##....       4%          1    None

Your spell library contained the following spells:

 Spells                   Type           Power        Failure   Level  Hunger
 Sticks to Snakes         Tmut           ##......     8%          2    ##.....
 Passwall                 Tmut/Erth      #.......     17%         2    ##.....
 Apportation              Tloc           #.....       26%         1    None
 Corona                   Hex            #......      26%         1    None
 Infusion                 Chrm           #.......     26%         1    None
 Sandblast                Erth           #.....       26%         1    None
 Slow                     Hex            #.......     26%         1    None
 Summon Butterflies       Summ           #.......     26%         1    None
 Spider Form              Tmut/Pois      #..          34%         3    ####...
 Ice Form                 Ice/Tmut       #.......     75%         4    ######.
 Blade Hands              Tmut           ##........   80%         5    #######


Dungeon Overview and Level Annotations

Branches:
Dungeon (4/12)
 Temple: D:4-7

Altars:
Dithmenos
Gozag
Kikubaaqudgha
Zin


Innate Abilities, Weirdness & Mutations

Your plain brown scales are hard. (AC +6)
You cannot fit into any form of body armour.
You are cold-blooded and may be slowed by cold attacks.


Message History

You bump into the rock wall.
You feel less confused.
Something hits you but does no damage. x2
You punch something!
Your tail-slap misses something.
You punch something. Something hits you.
* * * LOW HITPOINT WARNING * * *
Something hits you.
* * * LOW HITPOINT WARNING * * *
No path to travel!
You feel better. Something hits you.
* * * LOW HITPOINT WARNING * * *
Something hits you but does no damage.
You miss something. You tail-slap something.
Reactivating autopickup.
You feel a bit more experienced. The bullfrog skeleton hits you.
* * * LOW HITPOINT WARNING * * *
You hit the bullfrog skeleton.
The bullfrog skeleton is lightly damaged.
The bullfrog skeleton hits you!
You die...

..# ## #o# #[.
#.. [..#..#
..#...# ###
####.##Z?## ..#
....#.#...## #.#
#.#..##.##..##
#.#
#.##...#@#.Z.#
#.# #.#
#..##Z##.# #.#
#.# #...#[#.#
##.# #.#
##..###.#
...###.##.#
#......#
.#<....##.#
#...####
.########.# #.###
......†...#####.#
#####...........#


You could see a bullfrog skeleton.

Vanquished Creatures
  An orc warrior (D:4)
  A scorpion (D:4)
  2 crimson imps (D:3)
  Terence (D:3)
  An orc wizard (D:4)
  3 gnolls (D:3)
  3 adders
  An ooze (D:1)
  2 worms
  4 leopard geckos
  4 orcs
  A giant cockroach (D:1)
  9 goblins
  5 hobgoblins
  7 kobolds (D:1)
  3 quokkas
  2 ball pythons
  5 bats
  3 frilled lizards
  10 rats
68 creatures vanquished.

Notes
Turn   | Place    | Note
-------+----------+-------------------------------------------
     0 | D:1      | KristoblXynda the Draconian Transmuter began the quest for
                  | the Orb.
     0 | D:1      | Reached XP level 1. HP: 16/16 MP: 3/3
    53 | D:1      | Reached XP level 2. HP: 23/23 MP: 5/5
   224 | D:1      | Reached XP level 3. HP: 27/28 MP: 6/6
   428 | D:1      | Reached skill level 4 in Unarmed Combat
  1682 | D:3      | Reached XP level 4. HP: 35/35 MP: 7/7
  1799 | D:3      | Found a shadowy altar of Dithmenos.
  1824 | D:3      | Reached XP level 5. HP: 34/40 MP: 6/8
  1981 | D:3      | Found an ancient bone altar of Kikubaaqudgha.
  2096 | D:3      | Reached skill level 5 in Unarmed Combat
  2315 | D:3      | Noticed Terence
  2322 | D:3      | Killed Terence
  2514 | D:3      | Found an opulent altar of Gozag.
  2549 | D:3      | Found a glowing silver altar of Zin.
  2746 | D:4      | Reached XP level 6. HP: 41/47 MP: 9/9
  2789 | D:4      | Noticed an orc warrior
  2818 | D:4      | Killed an orc warrior
  2827 | D:4      | HP: 2/47 [something (2)]
  2830 | D:4      | Slain by a bullfrog skeleton

Skill      XL: |  1  2  3  4  5  6 |
---------------+-------------------+-----
Unarmed Combat | 4 5 |  5.8
Dodging        | 2 3 |  3.2
Transmutations | 3 |  3.9
Fighting       | |  1.1
Spellcasting   | |  2.0

Action                   |  1- 3 |  4- 6 || total
-------------------------+-------+-------++-------
Melee: Unarmed           |   130 |   121 ||   251
       Tailslap          |    16 |     8 ||    24
       Punch             |     2 |     5 ||     7
       Headbutt          |       |     8 ||     8
       Kick              |       |     2 ||     2
 Cast: Beastly Appendage |     1 |     6 ||     7
  Use: Scroll            |       |     4 ||     4
       Potion            |       |     3 ||     3
 Stab: Sleeping          |     1 |     1 ||     2
  Eat: Chunk             |     5 |     3 ||     8
       Ration            |       |     1 ||     1
Armor: Skin              |    21 |    29 ||    50
Dodge: Dodged            |    66 |    40 ||   106
